[Event "Titled Tuesday Blitz May 16 Early 2023"]
[White "Dino_Ballecer"]
[Black "Van Foreest, Jorden"]
[BlackFideId "1039784"]
[WhiteElo "2515"]
[BlackElo "2633"]
[Result "0-1"]
[Round "01"]
[TimeControl "180+2"]
[Date "2023.05.16"]
[WhiteClock "0:00:24"]
[BlackClock "0:00:19"]

1. e4 c5 2. Nf3 d6 3. Bb5+ Bd7 4. Bxd7+ Nxd7 5. O-O e6 6. Qe2 Be7 7. b3 Bf6 8. c3 g5 9. Rd1 g4 10. Ne1 h5 11. d4 Ne7 12. Na3 Nc6 13. Nc4 cxd4 14. cxd4 Nxd4 15. Rxd4 Bxd4 16. Nxd6+ Kf8 17. Ba3 Kg8 18. Rd1 Qf6 19. Nb5 e5 20. Nxd4 exd4 21. Bb2 Qe6 22. Bxd4 Rh6 23. Nd3 Re8 24. Re1 Qd6 25. Ba1 Rhe6 26. e5 Nxe5 27. Nxe5 f6 28. h3 gxh3 29. Qxh5 fxe5 30. Qxh3 Rg6 31. Qf5 Qc6 32. f3 Qb6+ 33. Kf1 Rh6 34. Rxe5 Rxe5 35. Bxe5 Qb5+ 36. Kf2 Qc5+ 37. Kg3 Qe7 38. Bf4 Qh4# 0-1


[Site "https://www.chess.com"]

[Event "Titled Tuesday Blitz May 16 Early 2023"]
[White "Maghsoodloo, Parham"]
[Black "Degenbaev, Aziz"]
[WhiteFideId "12539929"]
[BlackFideId "13802640"]
[WhiteElo "2655"]
[BlackElo "2152"]
[Result "1-0"]
[Round "01"]
[TimeControl "180+2"]
[Date "2023.05.16"]
[WhiteClock "0:00:05"]
[BlackClock "0:00:02"]

1. e4 c5 2. Nf3 d6 3. d4 cxd4 4. Nxd4 Nf6 5. Nc3 a6 6. Bg5 e6 7. f4 Be7 8. Qf3 Qc7 9. O-O-O Nbd7 10. g4 h6 11. Bh4 b5 12. a3 Bb7 13. Bg2 g5 14. fxg5 Ne5 15. Qe2 hxg5 16. Bxg5 Rg8 17. h4 Nfxg4 18. Bxe7 Qxe7 19. Kb1 O-O-O 20. h5 Kb8 21. Rh3 Nc4 22. Rdh1 Qf6 23. Rd3 Qh6 24. Ka1 Nge5 25. Rdh3 Rg7 26. Rd1 Rdg8 27. Bf1 Rg3 28. Rxg3 Rxg3 29. Qf2 Rg5 30. Ndxb5 axb5 31. Nxb5 Qg7 32. h6 Qh8 33. Rxd6 Nxd6 34. Qa7+ Kc8 35. Nxd6+ Kc7 36. Nb5+ Kc6 37. Nd4+ Kc7 38. Qc5+ Kb8 39. Nb5 Qd8 40. h7 Nf3 41. Qa7+ Kc8 42. e5 Rg1 43. Nd6+ Qxd6 44. exd6 Rxf1+ 45. Ka2 Rh1 46. Qb6 Ne5 47. Qc7# 1-0


[Site "https://www.chess.com"]

[Event "Titled Tuesday Blitz May 16 Early 2023"]
[White "Kuzmin, Roman"]
[Black "Matlakov, Maxim"]
[WhiteFideId "44134932"]
[BlackFideId "4168003"]
[WhiteElo "2122"]
[BlackElo "2666"]
[Result "0-1"]
[Round "01"]
[TimeControl "180+2"]
[Date "2023.05.16"]
[WhiteClock "0:00:00"]
[BlackClock "0:00:54"]

1. e4 c5 2. Nf3 e6 3. d4 cxd4 4. Nxd4 Nc6 5. Nc3 Qc7 6. Be3 a6 7. Qd2 Nf6 8. O-O-O Bb4 9. f3 O-O 10. Nb3 b5 11. Bc5 Bxc5 12. Nxc5 Rd8 13. Qd6 Qb6 14. Nb3 Ne8 15. Qc5 Qc7 16. Be2 d6 17. Qe3 b4 18. Nb1 a5 19. Bb5 Bd7 20. Bxc6 Bxc6 21. Nd4 Bd7 22. Rd3 Rdc8 23. Qf2 a4 24. a3 Qb6 25. Qd2 bxa3 26. Nxa3 Rab8 27. c3 Nc7 28. Kb1 d5 29. e5 Na6 30. g4 Nc5 31. Re3 Rb7 32. h4 Rcb8 33. Rh2 Nb3 34. Nxb3 Qxb3 35. Kc1 Bb5 36. Qc2 Qa2 37. Qb1 Qb3 38. Qc2 Ba6 39. Qxb3 Rxb3 40. Re1 d4 41. Nb1 a3 42. Nxa3 dxc3 43. Kb1 Rxa3 0-1


[Site "https://www.chess.com"]

[Event "Titled Tuesday Blitz May 16 Early 2023"]
[White "Petrosyan, Manuel"]
[Black "Huber, Benedikt"]
[WhiteFideId "13300857"]
[BlackFideId "12923583"]
[WhiteElo "2576"]
[BlackElo "2215"]
[Result "0-1"]
[Round "01"]
[TimeControl "180+2"]
[Date "2023.05.16"]
[WhiteClock "0:00:00"]
[BlackClock "0:00:15"]

1. e4 c5 2. Nf3 e6 3. d4 cxd4 4. Nxd4 Nc6 5. Nc3 Qc7 6. a3 a6 7. Be3 b5 8. Bd3 Bb7 9. O-O Nf6 10. Nxc6 Bxc6 11. f4 h5 12. Kh1 h4 13. Bd4 h3 14. g3 Qb7 15. Qe2 b4 16. axb4 Bxb4 17. Bxa6 Bxe4+ 18. Nxe4 Rxa6 19. Bxf6 Rxa1 20. Rxa1 gxf6 21. Kg1 Ke7 22. c3 Bd6 23. Nxd6 Qb6+ 24. Qf2 Qxd6 25. Re1 Rb8 26. f5 Qd5 27. fxe6 fxe6 28. Rf1 f5 29. Ra1 f4 30. Rf1 Rf8 31. Qf3 Qc5+ 32. Qf2 Qc6 33. Qf3 Qb6+ 34. Qf2 Qc6 35. Qf3 Qc5+ 36. Qf2 Qg5 37. Kh1 Rf5 0-1


[Site "https://www.chess.com"]

[Event "Titled Tuesday Blitz May 16 Early 2023"]
[White "Ezat, Mohamed"]
[Black "Kozak, Adam"]
[WhiteFideId "10600906"]
[BlackFideId "753246"]
[WhiteElo "2386"]
[BlackElo "2469"]
[Result "0-1"]
[Round "01"]
[TimeControl "180+2"]
[Date "2023.05.16"]
[WhiteClock "0:00:00"]
[BlackClock "0:01:26"]

1. d4 d5 2. c4 e6 3. Nc3 Nf6 4. cxd5 exd5 5. Bg5 c6 6. Qc2 Nbd7 7. e3 Be7 8. Bd3 Nh5 9. Bxe7 Qxe7 10. Nge2 Nb6 11. O-O g6 12. Rab1 a5 13. a3 a4 14. Rfe1 O-O 15. Ng3 Nxg3 16. hxg3 Qd8 17. Rbd1 Be6 18. Ne2 Re8 19. Nf4 Nc8 20. e4 dxe4 21. Bc4 Bxc4 22. Qxc4 Nd6 23. Qc5 Ra5 24. Qc3 Rb5 25. d5 c5 26. f3 b6 27. fxe4 Rb3 28. Qc2 Qg5 29. Rd3 c4 30. Rxb3 axb3 31. Qc3 Qe5 32. Qe3 Qxb2 33. Qxb6 Qe5 0-1


[Site "https://www.chess.com"]

[Event "Titled Tuesday Blitz May 16 Early 2023"]
[White "Pap, Gyula"]
[Black "Goltseva, Ekaterina"]
[WhiteFideId "725323"]
[BlackFideId "24173770"]
[WhiteElo "2519"]
[BlackElo "2114"]
[Result "1-0"]
[Round "01"]
[TimeControl "180+2"]
[Date "2023.05.16"]
[WhiteClock "0:00:46"]
[BlackClock "0:00:02"]

1. Nf3 Nf6 2. g3 e6 3. Bg2 d5 4. O-O c5 5. c4 d4 6. e3 Nc6 7. exd4 cxd4 8. d3 Bd6 9. Bg5 h6 10. Bxf6 Qxf6 11. Na3 O-O 12. Nd2 Qe7 13. Nc2 e5 14. Re1 Bf5 15. Ne4 Bc7 16. b4 Nxb4 17. Nxb4 Qxb4 18. Rb1 Qa3 19. Rxb7 Ba5 20. Rf1 Rfb8 21. Rxf7 Kxf7 22. Qf3 Kg8 23. Qxf5 Qe7 24. Qg6 Rb6 25. Qh5 Rf8 26. c5 Rb2 27. Nd6 Bc7 28. Bd5+ Kh8 29. Ne4 Qe8 30. Qg4 Qd8 31. Bc4 Qe7 32. h4 a5 33. Qd1 Bb8 34. Qa4 Ba7 35. Qxa5 Rc8 36. Qa6 Qc7 37. Nd6 Rf8 38. Nb5 Rxb5 39. Qxb5 Qxc5 40. Qb7 Rb8 41. Qf3 Rf8 42. Qe4 Re8 43. Rb1 Bb6 44. Rb5 Qc7 45. a4 Bc5 46. Rb7 Qd6 47. a5 Rb8 48. a6 Rxb7 49. axb7 Qb8 50. Qc6 Bd6 51. h5 Qc7 52. Qe8+ Kh7 53. Qg8# 1-0


[Site "https://www.chess.com"]

[Event "Titled Tuesday Blitz May 16 Early 2023"]
[White "Santos Flores, Alberto"]
[Black "Ibarra Jerez, Jose Carlos"]
[WhiteFideId "3601234"]
[BlackFideId "2226332"]
[WhiteElo "2235"]
[BlackElo "2638"]
[Result "0-1"]
[Round "01"]
[TimeControl "180+2"]
[Date "2023.05.16"]
[WhiteClock "0:00:03"]
[BlackClock "0:00:21"]

1. e4 c5 2. Nf3 e6 3. g3 Nc6 4. Bg2 Nf6 5. Qe2 e5 6. c3 Be7 7. O-O O-O 8. Rd1 d5 9. exd5 Qxd5 10. d4 e4 11. Ng5 Bg4 12. f3 exf3 13. Bxf3 Bxf3 14. Qxf3 cxd4 15. cxd4 Rad8 16. Nc3 Qa5 17. Be3 Nxd4 18. Bxd4 Qxg5 19. Bxa7 b5 20. Be3 Bc5 21. Bxc5 Qxc5+ 22. Qf2 Qc6 23. a3 h5 24. Rxd8 Rxd8 25. Rd1 Re8 26. Re1 Rd8 27. Rd1 Rc8 28. Qe2 b4 29. axb4 Qb6+ 30. Qf2 Qxb4 31. Rd2 Ng4 32. Qd4 Qe7 33. Re2 Qb7 34. h3 Nf6 35. Qe5 Qd7 36. Kg2 Re8 37. Qc5 Rxe2+ 38. Nxe2 Qb7+ 39. Kf2 Ne4+ 0-1


[Site "https://www.chess.com"]

[Event "Titled Tuesday Blitz May 16 Early 2023"]
[White "Swiercz, Dariusz"]
[Black "Cruz Lledo, Pablo"]
[WhiteFideId "1126881"]
[BlackFideId "2297361"]
[WhiteElo "2620"]
[BlackElo "2306"]
[Result "1-0"]
[Round "01"]
[TimeControl "180+2"]
[Date "2023.05.16"]
[WhiteClock "0:00:20"]
[BlackClock "0:00:03"]

1. e4 e6 2. Nf3 d5 3. d3 g6 4. Bg5 Qd6 5. Nbd2 Bg7 6. c3 h6 7. Bh4 Nd7 8. Bg3 Qb6 9. Qc2 Ngf6 10. Be2 Nh5 11. O-O Nxg3 12. hxg3 O-O 13. d4 dxe4 14. Nxe4 c5 15. Rfd1 cxd4 16. Nxd4 Nf6 17. Bf3 e5 18. Nxf6+ Bxf6 19. Nb3 Bf5 20. Be4 Be6 21. Rd2 Rad8 22. Rad1 Kg7 23. c4 Rxd2 24. Rxd2 Rd8 25. Rxd8 Bxd8 26. Qc3 Qc7 27. Nd2 f5 28. Bd5 Bxd5 29. cxd5 Qxc3 30. bxc3 Ba5 31. Nc4 Bxc3 32. Nd6 Bb4 33. Nxb7 Kf7 34. Nd8+ Ke8 35. Nc6 Bc3 36. Nxa7 Kd7 37. a4 e4 38. Nb5 Ba5 39. Kf1 Bb6 40. Ke2 g5 41. Na3 h5 42. Nc4 Bc5 43. a5 f4 44. gxf4 gxf4 45. Nd2 e3 46. Ne4 Ba7 47. f3 h4 48. a6 Bb6 49. Nc3 Kd6 50. a7 Bxa7 51. Nb5+ Kxd5 52. Nxa7 Ke5 53. Nc6+ Kf5 54. Nb4 Kg5 55. Nd3 Kf5 56. Nc5 Ke5 57. Ne4 Kf5 58. Kd3 Ke5 59. Ng5 Kf5 60. Nh3 Ke5 61. Ng1 Kd5 62. Ne2 Ke5 63. Kc4 Kf5 64. Kd5 Kg5 65. Ke5 h3 66. gxh3 Kh4 67. Kxf4 Kxh3 68. Kxe3 1-0


[Site "https://www.chess.com"]

[Event "Titled Tuesday Blitz May 16 Early 2023"]
[White "KorolDimitriy75"]
[Black "Grigoriants, Sergey"]
[BlackFideId "4130804"]
[WhiteElo "2509"]
[BlackElo "2502"]
[Result "1/2-1/2"]
[Round "01"]
[TimeControl "180+2"]
[Date "2023.05.16"]
[WhiteClock "0:00:17"]
[BlackClock "0:01:15"]

1. d4 Nf6 2. c4 g6 3. Nc3 d5 4. cxd5 Nxd5 5. e4 Nxc3 6. bxc3 Bg7 7. Nf3 c5 8. Rb1 O-O 9. Be2 b6 10. O-O Ba6 11. Bxa6 Nxa6 12. Qd3 Nb8 13. d5 Nc6 14. c4 Nd4 15. Nxd4 Bxd4 16. Be3 e5 17. Bxd4 cxd4 18. f4 f6 19. c5 bxc5 20. Qc4 Qd6 21. f5 Rab8 22. g4 Rb6 23. Rbc1 Rc8 24. Rf2 Rb4 25. Qxb4 cxb4 26. Rxc8+ Kg7 27. Rc6 Qd8 28. g5 fxg5 29. f6+ Kf7 30. Re6 d3 31. Re7+ Kf8 32. Rxh7 d2 33. Rh8+ Kf7 34. Rxd8 d1=Q+ 35. Kg2 Qg4+ 36. Kf1 Qd1+ 37. Kg2 Qg4+ 38. Kf1 Qd1+ 39. Kg2 1/2-1/2


[Site "https://www.chess.com"]

[Event "Titled Tuesday Blitz May 16 Early 2023"]
[White "Antipov, Mikhail Al."]
[Black "Rengifo Blancas, Renzo Jhonathan"]
[WhiteFideId "4107012"]
[BlackFideId "3807185"]
[WhiteElo "2513"]
[BlackElo "2085"]
[Result "1-0"]
[Round "01"]
[TimeControl "180+2"]
[Date "2023.05.16"]
[WhiteClock "0:01:50"]
[BlackClock "0:00:09"]

1. e4 e5 2. Nf3 d6 3. Nc3 Nf6 4. d4 exd4 5. Nxd4 Be7 6. Bf4 O-O 7. Qd2 Nc6 8. O-O-O Be6 9. Nxe6 fxe6 10. Bc4 Qc8 11. a3 Kh8 12. f3 a6 13. Ne2 b5 14. Ba2 Rb8 15. h4 b4 16. a4 Na5 17. Kb1 Qd7 18. e5 Nd5 19. Bxd5 exd5 20. Qxd5 Qxa4 21. b3 Qb5 22. Qxb5 axb5 23. exd6 cxd6 24. Bxd6 Bxd6 25. Rxd6 Nb7 26. Rd5 Ra8 27. Re1 Ra7 28. Nd4 Rfa8 29. Kc1 h6 30. Kd2 Nd8 31. Re8+ Kh7 32. Rdxd8 Rxd8 33. Rxd8 1-0


[Site "https://www.chess.com"]

[Event "Titled Tuesday Blitz May 16 Early 2023"]
[White "ArtemDyachuk"]
[Black "Lenderman, Aleksandr"]
[BlackFideId "2021285"]
[WhiteElo "2508"]
[BlackElo "2607"]
[Result "0-1"]
[Round "01"]
[TimeControl "180+2"]
[Date "2023.05.16"]
[WhiteClock "0:00:25"]
[BlackClock "0:01:55"]

1. Nf3 e6 2. c4 b6 3. Nc3 Bb7 4. e4 Nf6 5. e5 Ne4 6. Nxe4 Bxe4 7. d4 Bb4+ 8. Bd2 Bxf3 9. gxf3 Qe7 10. f4 Nc6 11. Bg2 O-O 12. a3 Bxd2+ 13. Qxd2 Rad8 14. Qc3 Qh4 15. Qe3 Ne7 16. Be4 f5 17. exf6 Rxf6 18. Ke2 Rxf4 19. f3 Nf5 20. Qd3 Nd6 21. Kd2 Nxe4+ 22. fxe4 Rxe4 23. Rae1 Rxd4 0-1


[Site "https://www.chess.com"]

[Event "Titled Tuesday Blitz May 16 Early 2023"]
[White "Kovalenko, Igor"]
[Black "Mayeregger, Arnold"]
[WhiteFideId "14117908"]
[BlackFideId "3705226"]
[WhiteElo "2574"]
[BlackElo "2038"]
[Result "1-0"]
[Round "01"]
[TimeControl "180+2"]
[Date "2023.05.16"]
[WhiteClock "0:02:27"]
[BlackClock "0:01:21"]

1. d4 d5 2. Bf4 c5 3. e3 Nc6 4. c3 Bf5 5. Nd2 Qb6 6. Qb3 c4 7. Qxb6 axb6 8. e4 dxe4 9. Nxc4 b5 10. Ne3 Bd7 11. Bxb5 Nf6 12. d5 e5 13. Bg3 Ne7 14. Bxd7+ Kxd7 15. Bxe5 Nfxd5 16. O-O-O Ke6 17. Bd4 Rxa2 18. Kb1 Ra4 19. Nh3 h6 20. Rhe1 f5 21. f3 exf3 22. Nxd5+ Kxd5 23. Bxg7+ 1-0


[Site "https://www.chess.com"]

[Event "Titled Tuesday Blitz May 16 Early 2023"]
[White "Shapiro, Viktor"]
[Black "Mitrabha, Guha"]
[WhiteFideId "4175700"]
[BlackFideId "5057000"]
[WhiteElo "2152"]
[BlackElo "2507"]
[Result "0-1"]
[Round "01"]
[TimeControl "180+2"]
[Date "2023.05.16"]
[WhiteClock "0:00:00"]
[BlackClock "0:01:19"]

1. Nf3 g6 2. c4 Bg7 3. Nc3 c5 4. g3 Nc6 5. Bg2 e6 6. O-O Nge7 7. d3 O-O 8. a3 d5 9. Bg5 h6 10. Bd2 b6 11. cxd5 exd5 12. Qa4 d4 13. Na2 Bd7 14. Qd1 a5 15. b4 cxb4 16. axb4 a4 17. b5 Na7 18. Qxa4 Nxb5 19. Qb3 Ra3 20. Qb2 Nd5 21. Nb4 Rxa1 22. Rxa1 Ndc3 23. Be1 Qe7 24. Bf1 Re8 25. h4 Nxe2+ 26. Bxe2 Qxe2 27. Qxe2 Rxe2 28. Nd5 Bc6 29. Kf1 Rxe1+ 30. Rxe1 Bxd5 31. Re8+ Kh7 32. Ne5 Nc3 33. f4 b5 34. Rb8 Bb3 0-1


[Site "https://www.chess.com"]

[Event "Titled Tuesday Blitz May 16 Early 2023"]
[White "Drozdowski, Kacper"]
[Black "Golubev, Mikhail"]
[WhiteFideId "1136720"]
[BlackFideId "14100983"]
[WhiteElo "2497"]
[BlackElo "2374"]
[Result "1-0"]
[Round "01"]
[TimeControl "180+2"]
[Date "2023.05.16"]
[WhiteClock "0:00:57"]
[BlackClock "0:00:10"]

1. e4 c5 2. Nf3 d6 3. d4 cxd4 4. Nxd4 Nf6 5. f3 Nc6 6. c4 g6 7. Nc3 Bg7 8. Be3 O-O 9. Be2 Bd7 10. Qd2 Nxd4 11. Bxd4 Bc6 12. O-O a5 13. Rac1 Nd7 14. Be3 a4 15. Rfd1 Re8 16. Bf1 Qa5 17. Rc2 Nc5 18. Ne2 Qxd2 19. Rdxd2 b5 20. Nd4 Bxd4 21. Bxd4 b4 22. Rc1 f6 23. g4 g5 24. h4 h6 25. Be3 Kg7 26. Kf2 Red8 27. Be2 Rh8 28. Rh1 Rac8 29. Rdd1 Rb8 30. Rh2 Rbc8 31. Kg3 Rcd8 32. Rdh1 e5 33. Rd1 Rd7 34. Rhh1 Rhd8 35. Rd2 Bxe4 36. hxg5 hxg5 37. Bxc5 dxc5 38. Rxd7+ Rxd7 39. fxe4 Rd2 40. Bd1 Rxb2 41. Bxa4 Rxa2 42. Bc6 Rc2 43. Bd5 b3 44. Rb1 b2 45. Kf3 Kf8 46. Ke3 Ke7 47. Kd3 Rf2 48. Kc3 Kd6 49. Rxb2 Rf3+ 50. Kc2 Rf2+ 51. Kb1 Rxb2+ 52. Kxb2 Kc7 53. Kb3 Kb6 54. Ka4 Ka6 55. Bc6 Kb6 56. Bb5 Ka7 57. Ka5 Kb7 58. Ba4 f5 59. exf5 e4 60. Kb5 e3 61. Bd1 e2 62. Bxe2 1-0


[Site "https://www.chess.com"]

[Event "Titled Tuesday Blitz May 16 Early 2023"]
[White "Lehtosaari, Mauri"]
[Black "Nguyen, Ngoc Truong Son"]
[WhiteFideId "501999"]
[BlackFideId "12401110"]
[WhiteElo "2508"]
[BlackElo "2556"]
[Result "0-1"]
[Round "01"]
[TimeControl "180+2"]
[Date "2023.05.16"]
[WhiteClock "0:00:00"]
[BlackClock "0:00:16"]

1. d4 Nf6 2. Nf3 g6 3. Bg5 Bg7 4. Nbd2 d5 5. e3 O-O 6. Be2 c5 7. O-O Nc6 8. c3 Qb6 9. Qb3 c4 10. Qxb6 axb6 11. a3 b5 12. h3 Nd7 13. e4 Nb6 14. Bd1 h6 15. Bf4 g5 16. Bh2 f5 17. exf5 Bxf5 18. Re1 Bf6 19. Rc1 Na4 20. Bxa4 bxa4 21. Ne5 Bxe5 22. dxe5 Ra5 23. Nf3 Rb5 24. Re2 Bxh3 25. Nd4 Nxd4 26. cxd4 Bf5 27. f3 e6 28. Bg3 Rb3 29. Be1 Ra8 30. Bb4 Ra6 31. Rc3 Rb6 32. Ree3 R6xb4 33. axb4 Rxb2 34. g4 Bg6 35. f4 gxf4 36. Rf3 Rxb4 37. Rxf4 Rb3 38. Rc1 a3 39. Rf6 Be4 40. Rf2 Rb1 41. Rxb1 Bxb1 42. Rf3 a2 43. Ra3 c3 0-1


[Site "https://www.chess.com"]

[Event "Titled Tuesday Blitz May 16 Early 2023"]
[White "Babazada, Khazar"]
[Black "Ronka, Erik"]
[WhiteFideId "13413554"]
[BlackFideId "505080"]
[WhiteElo "2351"]
[BlackElo "2264"]
[Result "1-0"]
[Round "01"]
[TimeControl "180+2"]
[Date "2023.05.16"]
[WhiteClock "0:01:54"]
[BlackClock "0:00:11"]

1. e4 c5 2. Nf3 d6 3. Nc3 e5 4. Bc4 g6 5. d3 Bg7 6. Ng5 Nh6 7. h4 O-O 8. h5 Nd7 9. hxg6 hxg6 10. Rxh6 Bxh6 11. Nxf7 Rxf7 12. Bxh6 Qh4 13. Qf3 Nf6 14. g3 Bg4 15. gxh4 Bxf3 16. Bxf7+ Kxf7 17. Bg5 Rh8 18. Kd2 Nh7 19. Rg1 Nf8 20. Nd5 Ne6 21. c3 c4 22. Rg3 Bh5 23. dxc4 Nc5 24. Ke3 Rc8 25. b3 Ne6 26. f4 exf4+ 27. Bxf4 Nxf4 28. Nxf4 Bd1 29. Rg1 Bc2 30. Rc1 1-0


[Site "https://www.chess.com"]

[Event "Titled Tuesday Blitz May 16 Early 2023"]
[White "Kubicka, Anna"]
[Black "Ivic, Velimir"]
[WhiteFideId "1152254"]
[BlackFideId "950122"]
[WhiteElo "2144"]
[BlackElo "2563"]
[Result "1/2-1/2"]
[Round "01"]
[TimeControl "180+2"]
[Date "2023.05.16"]
[WhiteClock "0:00:47"]
[BlackClock "0:01:06"]

1. e4 c5 2. Ne2 e6 3. g3 Nc6 4. Bg2 Nf6 5. O-O d5 6. exd5 Nxd5 7. d4 cxd4 8. Nxd4 Bd7 9. c4 Nf6 10. Nxc6 Bxc6 11. Bxc6+ bxc6 12. Qf3 Qc8 13. Nc3 h6 14. Bf4 Be7 15. Rad1 O-O 16. b3 Qa6 17. Bd6 Bxd6 18. Rxd6 Rac8 19. Rfd1 Qa5 20. R1d3 c5 21. Rd2 Rfd8 22. Rxd8+ Rxd8 23. Rxd8+ Qxd8 24. Ne4 Nxe4 25. Qxe4 Qa5 26. Qa8+ Kh7 27. Qe4+ g6 28. Qf4 Kg8 29. Qb8+ Kg7 30. Qe5+ Kg8 31. Qb8+ Kh7 32. Qf4 f5 33. Qd6 Qe1+ 34. Kg2 Qe4+ 35. Kg1 Qe1+ 36. Kg2 Qe4+ 37. Kg1 Qe1+ 1/2-1/2


[Site "https://www.chess.com"]

[Event "Titled Tuesday Blitz May 16 Early 2023"]
[White "Yeletsky, Ivan"]
[Black "Baches Garcia, Guillermo"]
[WhiteFideId "24180327"]
[BlackFideId "2209764"]
[WhiteElo "2380"]
[BlackElo "2506"]
[Result "1-0"]
[Round "01"]
[TimeControl "180+2"]
[Date "2023.05.16"]
[WhiteClock "0:00:18"]
[BlackClock "0:00:00"]

1. e4 c5 2. Nf3 d6 3. c3 Nf6 4. Qc2 Qc7 5. Bc4 g6 6. d4 Nc6 7. d5 Na5 8. Be2 Bg7 9. Na3 O-O 10. b4 cxb4 11. cxb4 Qxc2 12. Nxc2 Nxe4 13. Nfd4 Bd7 14. bxa5 Nc3 15. Bf3 Rfc8 16. O-O Ba4 17. Bg5 Rc4 18. Nb3 Nxa2 19. Ncd4 Bxb3 20. Nxb3 Bxa1 21. Rxa1 Nb4 22. Bxe7 Nc2 23. Rf1 Rb4 24. Nd2 Nd4 25. Bxd6 Nxf3+ 26. gxf3 Rd4 27. Ne4 Rxd5 28. Nf6+ Kg7 29. Nxd5 Rd8 30. Be5+ Kh6 31. Nf6 Rd2 32. f4 Ra2 33. Kg2 Rxa5 34. h4 b5 35. Rd1 b4 36. Rd7 1-0


[Site "https://www.chess.com"]

[Event "Titled Tuesday Blitz May 16 Early 2023"]
[White "Chernomordik, Pavel"]
[Black "Bortnyk, Mykola"]
[WhiteFideId "2804530"]
[BlackFideId "14120836"]
[WhiteElo "2193"]
[BlackElo "2582"]
[Result "0-1"]
[Round "01"]
[TimeControl "180+2"]
[Date "2023.05.16"]
[WhiteClock "0:00:03"]
[BlackClock "0:00:11"]

1. e4 Nf6 2. Nc3 d5 3. e5 Nfd7 4. f4 c5 5. Nf3 Nb6 6. g3 Nc6 7. Bg2 Bg4 8. d3 e6 9. h3 Bxf3 10. Bxf3 Be7 11. Bd2 Qd7 12. a4 f6 13. a5 Nc8 14. exf6 Bxf6 15. f5 N8e7 16. Bh5+ g6 17. fxg6 hxg6 18. Bg4 Be5 19. Ne2 Nf5 20. Bf4 Qd6 21. Bxf5 gxf5 22. c3 O-O-O 23. Qa4 Bxf4 24. Qxf4 Qxf4 25. Nxf4 Kd7 26. Kf2 Kd6 27. h4 e5 28. Nh3 Rh5 29. Kg2 Rg8 30. Ng5 e4 31. a6 b5 32. Rad1 Re8 33. dxe4 fxe4 34. Rhe1 Ke5 35. Nf3+ Kd6 36. Ng5 Rxg5 37. hxg5 Re5 38. g6 Ne7 39. g7 Ke6 40. Rf1 Rg5 41. Rf8 Rxg7 42. Ra8 Nf5 43. Re8+ Kf7 44. Re5 Ne3+ 45. Kg1 Nxd1 46. Rxd5 Nxb2 47. Rxc5 Ke6 48. Rxb5 Nc4 49. Rb7 Rxg3+ 50. Kf2 Rf3+ 51. Ke2 Rf7 52. Rb4 Nd6 53. c4 Rc7 54. Ke3 Rxc4 55. Rb7 Nxb7 0-1


[Site "https://www.chess.com"]

[Event "Titled Tuesday Blitz May 16 Early 2023"]
[White "Kramnik, Vladimir"]
[Black "Bilan, Danila"]
[WhiteFideId "4101588"]
[BlackFideId "24161918"]
[WhiteElo "2703"]
[BlackElo "2182"]
[Result "1-0"]
[Round "01"]
[TimeControl "180+2"]
[Date "2023.05.16"]
[WhiteClock "0:02:07"]
[BlackClock "0:00:06"]

1. c4 c6 2. Nf3 d5 3. e3 Nf6 4. Nc3 e6 5. b3 Nbd7 6. Bb2 Bd6 7. Qc2 Qe7 8. Rg1 Ba3 9. Bxa3 Qxa3 10. g4 h6 11. h4 g6 12. g5 hxg5 13. hxg5 Ng8 14. Nb1 Qd6 15. Qb2 e5 16. cxd5 Qxd5 17. Be2 Ne7 18. Nc3 Qa5 19. Ne4 Nf5 20. b4 Qc7 21. Nc5 Nxc5 22. bxc5 Be6 23. Qxe5 Qa5 24. Qxh8+ 1-0


[Site "https://www.chess.com"]

[Event "Titled Tuesday Blitz May 16 Early 2023"]
[White "Yelisieiev, Yevhenii"]
[Black "Keymer, Vincent"]
[WhiteFideId "14139642"]
[BlackFideId "12940690"]
[WhiteElo "2403"]
[BlackElo "2669"]
[Result "0-1"]
[Round "01"]
[TimeControl "180+2"]
[Date "2023.05.16"]
[WhiteClock "0:00:00"]
[BlackClock "0:00:23"]

1. Nf3 d5 2. d4 Nf6 3. c4 e6 4. Nc3 a6 5. cxd5 exd5 6. Bg5 Be6 7. e3 Nbd7 8. Bd3 h6 9. Bh4 g5 10. Bg3 Nh5 11. Be5 Nhf6 12. Bg3 c6 13. Ne5 Nxe5 14. Bxe5 Bd6 15. O-O Bxe5 16. dxe5 Ng4 17. e4 d4 18. Na4 Nxe5 19. Nc5 b6 20. Nxe6 fxe6 21. Qh5+ Ke7 22. Rad1 Qe8 23. Qh3 Qf7 24. Be2 c5 25. Bh5 Qf6 26. f4 gxf4 27. g3 f3 28. b4 Rhf8 29. Rf2 Qg5 30. Rdf1 Rf6 31. Bxf3 Raf8 32. Bg2 Qe3 33. Qh4 Kd6 34. g4 c4 35. Qg3 Rxf2 0-1


[Site "https://www.chess.com"]

[Event "Titled Tuesday Blitz May 16 Early 2023"]
[White "Steinberg, Nitzan"]
[Black "Dobre, Claudiu-Cristian"]
[WhiteFideId "2801795"]
[BlackFideId "1211854"]
[WhiteElo "2486"]
[BlackElo "2207"]
[Result "1-0"]
[Round "01"]
[TimeControl "180+2"]
[Date "2023.05.16"]
[WhiteClock "0:02:30"]
[BlackClock "0:00:00"]

1. Nf3 d6 2. d4 f5 3. Nc3 Nf6 4. Bg5 Nbd7 5. d5 c5 6. e3 g6 7. h4 h6 8. Bf4 Bg7 9. Bd3 O-O 10. a4 a6 11. a5 b5 12. axb6 Nxb6 13. O-O Bb7 14. Bg3 Nfxd5 15. Nxd5 Nxd5 16. Bc4 e6 17. c3 g5 18. hxg5 hxg5 19. Re1 Qf6 20. e4 Nb6 21. e5 dxe5 22. Bxe5 1-0


[Site "https://www.chess.com"]

[Event "Titled Tuesday Blitz May 16 Early 2023"]
[White "FoxOnTheRun97"]
[Black "Tari, Aryan"]
[BlackFideId "1510045"]
[WhiteElo "2499"]
[BlackElo "2571"]
[Result "0-1"]
[Round "01"]
[TimeControl "180+2"]
[Date "2023.05.16"]
[WhiteClock "0:00:00"]
[BlackClock "0:01:29"]

1. d4 Nf6 2. Bg5 g6 3. Bxf6 exf6 4. e3 f5 5. g3 Bg7 6. Bg2 O-O 7. Ne2 d6 8. O-O Nd7 9. c4 c6 10. Nbc3 a5 11. Rb1 Re8 12. a3 Nb6 13. Qd3 a4 14. Nf4 Ra5 15. b4 axb3 16. Rxb3 Na4 17. Rfb1 Nxc3 18. Qxc3 Ra4 19. h4 h5 20. Bf3 Qa5 21. Qxa5 Rxa5 22. Nd3 Ra4 23. c5 d5 24. Nb2 Ra7 25. Nd1 Kf8 26. Nc3 Ke7 27. Kf1 Kd8 28. Be2 Kc7 29. Bd3 Be6 30. Ke2 Rea8 31. Ra1 Bf6 32. Kd2 f4 33. gxf4 Bxh4 34. f3 Bf6 35. Ne2 Ra5 36. Kc2 Rxc5+ 37. dxc5 Bxa1 38. Nd4 Bxd4 39. exd4 h4 40. Kb2 h3 41. Ka2 Rh8 42. Rb1 Rh4 43. Rh1 Rxf4 44. Be2 Rxd4 45. Kb3 Rd2 46. Bf1 h2 47. Kc3 Rf2 48. Kd4 Rxf3 49. a4 Bf5 50. a5 Ra3 51. Ke5 Ra1 52. Rxh2 Rxf1 53. a6 bxa6 54. Rb2 Be6 55. Kd4 Re1 56. Kd3 Re4 57. Ra2 g5 58. Rb2 g4 59. Rh2 g3 60. Rh7 Rg4 61. Rh1 g2 62. Rg1 a5 63. Ke3 a4 64. Kf2 a3 0-1


[Site "https://www.chess.com"]

[Event "Titled Tuesday Blitz May 16 Early 2023"]
[White "Drygalov, Sergey"]
[Black "SereneSalmon"]
[WhiteFideId "24171743"]
[WhiteElo "2533"]
[BlackElo "2498"]
[Result "1-0"]
[Round "01"]
[TimeControl "180+2"]
[Date "2023.05.16"]
[WhiteClock "0:00:53"]
[BlackClock "0:00:12"]

1. d4 Nf6 2. c4 e6 3. Nf3 d5 4. Nc3 Bb4 5. Qa4+ Nc6 6. e3 O-O 7. Qc2 dxc4 8. Bxc4 Bd6 9. O-O e5 10. h3 exd4 11. exd4 Re8 12. a3 h6 13. Bxh6 gxh6 14. Qg6+ Kh8 15. Qxh6+ Nh7 16. Bxf7 Rf8 17. Bg6 Qe7 18. Ng5 Qg7 19. Qxh7+ Qxh7 20. Nxh7 Rg8 21. Be4 Be7 22. Nd5 Bd8 23. Nhf6 Rf8 24. Nh5 Nxd4 25. Ndf4 Bf5 26. Bxf5 Rxf5 27. g4 Rf7 28. Kg2 Bg5 29. Ng6+ Kh7 30. Ne5 Re7 31. Nf3 Nxf3 32. Kxf3 Rf8+ 33. Kg3 Re2 34. Rad1 Rf7 35. f4 Bh6 36. g5 Kg6 37. Kh4 Bf8 38. f5+ Rxf5 39. Rxf5 Kxf5 40. Rf1+ Ke4 41. Ng3+ 1-0


[Site "https://www.chess.com"]